 Dungeon Crawl Stone Soup version 0.24.0-29-g8ce449bc06 (webtiles) character file.

Game seed: 4518352331322578808, levelgen mode: deterministic

16359 Johnny the Carver (level 12, -1/104 HPs)
             Began as a Troll Berserker on Nov 15, 2019.
             Was a High Priest of Trog.
             Slain by a hornet (5 damage)
             ... while paralysed by a hornet
             ... on level 12 of the Dungeon.
             The game lasted 00:14:54 (9555 turns).

Johnny the Carver (Troll Berserker)                 Turns: 9555, Time: 00:14:55

Health: -1/104     AC: 11    Str: 32    XL:     12   Next: 9%
Magic:  11/11      EV:  1    Int:  3    God:    Trog [*****.]
Gold:   485        SH:  0    Dex:  9    Spells: 11/11 levels left

rFire    . . .     SeeInvis .   M - +2 scimitar (freeze)
rCold    . . .     Gourm    +   (no shield)
rNeg     . . .     Faith    .   H - +0 robe of Hide-and-Seek {+Fly rElec Slay+3} (curse)
rPois    .         Spirit   .   b - +0 hat
rElec    +         Reflect  .   s - +0 cloak
rCorr    .         Harm     .   (gloves unavailable)
MR       +....                  (boots unavailable)
Stlth    +.........             (no amulet)
HPRegen  0.67/turn              C - ring of protection from magic
MPRegen  0.12/turn              p - +4 ring of protection

@: paralysed, lethally poisoned (-1 -> -4), slowed
A: large, unfitting armour, claws 3, fast metabolism 3, gourmand, regeneration
1, shaggy fur 1, tough skin 3
a: Berserk, Trog's Hand, Brothers in Arms, Renounce Religion, Evoke Flight


You were on level 12 of the Dungeon.
You worshipped Trog.
Trog was extremely pleased with you.
You were not hungry.

You visited 2 branches of the dungeon, and saw 13 of its levels.
You also visited: Sewer.

You collected 589 gold pieces.
You spent 104 gold pieces at shops.

Inventory:

Hand Weapons
 q - a +1 scimitar of flaming
 J - a +1 antimagic triple sword
 L - a cursed +5 great sword
 M - a +2 scimitar of freezing (weapon)
Missiles
 v - 3 throwing nets (quivered)
Armour
 b - a +0 hat (worn)
 s - a +0 cloak (worn)
 H - the cursed +0 robe of Hide-and-Seek (worn) {+Fly rElec Slay+3}
   (You found it on level 7 of the Dungeon)

   It affects your accuracy and damage with ranged weapons and melee attacks
   (+3).
   It insulates you from electricity.
   It lets you fly.
   It has a curse placed upon it.
Jewellery
 p - a +4 ring of protection (right claw)
 C - a ring of protection from magic (left claw)
Wands
 w - a wand of polymorph (11)
 z - a wand of flame (31)
 B - a wand of acid (3)
 K - a wand of paralysis (12)
Scrolls
 d - 2 scrolls of amnesia
 h - 4 scrolls of remove curse
 i - a scroll of fear
 o - 5 scrolls of teleportation
 u - 3 scrolls of fog
 A - 3 scrolls of noise
 D - 2 scrolls of enchant weapon
 F - a scroll of immolation
 I - a scroll of magic mapping
Potions
 a - a potion of magic {unknown}
 e - 15 potions of curing
 f - 3 potions of brilliance
 g - a potion of degeneration
 j - 2 potions of agility
 k - a potion of berserk rage
 l - 2 potions of might
 m - a potion of resistance {unknown}
 n - 6 potions of flight
 t - a potion of ambrosia {unknown}
 x - 4 potions of heal wounds
 E - 3 potions of mutation {unknown}
Comestibles
 c - 26 rations


   Skills:
 - Level 2.4 Fighting
 * Level 13.4 Long Blades
 + Level 10.1 Dodging


You had 11 spell levels left.
You didn't know any spells.
Your spell library contained the following spells:

 Spells                   Type           Power        Failure   Level  Hunger
 Flame Tongue             Conj/Fire      #....        52%         1    ##.....
 Magic Dart               Conj           #...         52%         1    ##.....
 Blink                    Tloc           N/A          67%         2    ###....
 Call Imp                 Summ           #.......     67%         2    ###....
 Slow                     Hex            #.......     67%         2    ###....
 Throw Flame              Conj/Fire      #.....       67%         2    ###....
 Conjure Flame            Conj/Fire      #.......     88%         3    ####...
 Inner Flame              Hex/Fire       #.......     88%         3    ####...
 Mephitic Cloud           Conj/Pois/Air  #.......     88%         3    ####...
 Sticky Flame             Conj/Fire      #.......     99%         4    #####..
 Fireball                 Conj/Fire      #.........   100%        5    ######.


Dungeon Overview and Level Annotations

Branches:
Dungeon (12/15)            Temple (1/1) D:7            Lair (0/6) D:8
    Orc (0/2) D:11          Sewer (visited)

Altars:
Ashenzari
Cheibriados
Dithmenos
Elyvilon
Fedhas
Gozag
Hepliaklqana
Kikubaaqudgha
Makhleb
Nemelex Xobeh
Okawaru
Qazlal
Ru
Sif Muna
Trog
Uskayaw
Vehumet
Wu Jian
Xom
Yredelemnul
Zin
The Shining One

Shops:
D:5 !   D:9 %


Innate Abilities, Weirdness & Mutations

You are too large for most types of armour.
You have claws for hands.
Your metabolism is lightning-fast.
You like to eat raw meat.
Your natural rate of healing is unusually fast.
You are covered in fur. (AC +1)
You have extremely tough skin. (AC +3)


Message History

The hornet stings you!
You are more poisoned.
You feel yourself slow down. The basilisk barely misses you.
You hit the hornet. You freeze the hornet.
The hornet is severely wounded.
You feel yourself speed up.
You feel sick. The hornet stings you.
You suddenly lose the ability to move!
The hornet stings you!
You feel yourself slow down. The basilisk gazes at you.
You resist with almost no effort.
You feel sick. The hornet stings you!
* * * LOW HITPOINT WARNING * * *
You feel as though you will be slow longer.
The basilisk bites you!
* * * LOW HITPOINT WARNING * * *
You feel sick. The hornet stings you.
* * * LOW HITPOINT WARNING * * *
You feel as though you will be slow longer.
The hornet stings you.
You die...

...#.###...#
...........## .. ..
...#.###....# ##(###
#.........#.###.#.#.##
##?.......#..#.##$##.#
#...........##.....#
##............#.....#
#..#.###).###.##yl.#
#.##.[....# #..#@..#
..##....#.# ##.##.##
.#.....>...###..#.#
...........##...#'#.#
...........##.......#
...........##...........
........#####....#######
........# #....#
..).....# #....#


You could see a basilisk and a hornet.

Vanquished Creatures
  Gastronok (D:11)
  Snorg (D:11)
  Harold (D:8)
  Erolcha (D:12)
  2 two-headed ogres
  2 unseen horrors
  2 manticores
  3 trolls (D:10)
  A hippogriff (D:10)
  9 yaks (D:11)
  A wyvern (D:8)
  3 hungry ghosts
  An acid dragon (D:12)
  3 water moccasins
  5 orc warriors
  A phantom (D:6)
  A swamp drake (D:6)
  2 ice beasts
  4 sky beasts
  8 ogres
  6 centaurs
  6 bullfrogs
  5 big kobolds
  6 scorpions
  A wyvern skeleton (D:9)
  3 howler monkeys
  11 wights
  2 spriggan skeletons (D:9)
  A troll skeleton (D:9)
  7 crimson imps
  A quasit (D:9)
  A bullfrog zombie (D:6)
  7 centaur skeletons
  A centaur zombie (D:9)
  14 orc wizards
  A bullfrog skeleton (D:4)
  9 hounds
  4 jellies
  4 orc priests
  3 iguanas
  8 worker ants
  A hound zombie (D:6)
  2 hound skeletons
  A howler monkey zombie (D:6)
  A worker ant zombie (D:6)
  8 adders
  2 shadow imps
  3 oozes
  3 adder skeletons
  2 adder zombies (D:8)
  2 worms
  3 leopard geckos
  59 orcs
  4 giant cockroaches
  9 hobgoblins
  23 jackals
  34 kobolds
  4 quokkas
  6 ball pythons
  7 bats
  6 frilled lizards
  4 goblins
  A leopard gecko zombie (D:5)
  12 rats
350 creatures vanquished.

Vanquished Creatures (collateral kills)
  A death knight (D:11)
  A sky beast (D:11)
2 creatures vanquished.

Grand Total: 352 creatures vanquished

Notes
Turn   | Place    | Note
-------+----------+-------------------------------------------
     0 | D:1      | Johnny the Troll Berserker began the quest for the Orb.
     0 | D:1      | Reached XP level 1. HP: 22/22 MP: 0/0
   164 | D:1      | Reached XP level 2. HP: 29/29 MP: 1/1
   299 | D:1      | Reached skill level 3 in Long Blades
   437 | D:1      | Reached XP level 3. HP: 36/36 MP: 2/2
   472 | D:1      | Reached ** piety under Trog
   943 | D:2      | Reached XP level 4. HP: 44/44 MP: 3/3
  1063 | D:2      | Found a basalt altar of Yredelemnul.
  1064 | D:2      | Found a shattered altar of Ashenzari.
  1091 | D:2      | Found a bloodstained altar of Trog.
  1209 | D:2      | Found a glowing golden altar of the Shining One.
  1463 | D:3      | Found a burning altar of Makhleb.
  1567 | D:3      | Reached skill level 4 in Long Blades
  1733 | D:3      | Reached XP level 5. HP: 50/50 MP: 4/4
  1859 | D:3      | Reached *** piety under Trog
  2181 | D:4      | Reached XP level 6. HP: 39/59 MP: 5/5
  2301 | D:4      | Reached skill level 5 in Long Blades
  2356 | D:4      | Found a shadowy altar of Dithmenos.
  2753 | D:5      | Entered Level 5 of the Dungeon
  2868 | D:5      | Found Urounufe's Distillery.
  2871 | D:5      | Bought a potion of curing for 39 gold pieces
  2871 | D:5      | Bought a potion of heal wounds for 65 gold pieces
  2990 | D:5      | Reached XP level 7. HP: 66/66 MP: 6/6
  3074 | D:5      | Found a glowing drain.
  3091 | Sewer    | Entered a sewer
  3222 | Sewer    | Reached skill level 6 in Long Blades
  3298 | Sewer    | Reached **** piety under Trog
  3547 | D:5      | Found a hide-covered altar of Uskayaw.
  3732 | D:5      | Reached skill level 5 in Dodging
  3864 | D:5      | Reached XP level 8. HP: 61/74 MP: 7/7
  4022 | D:6      | Reached skill level 7 in Long Blades
  4235 | D:6      | Found a sacrificial altar of Ru.
  4315 | D:6      | Reached skill level 8 in Long Blades
  4442 | D:6      | Found an opulent altar of Gozag.
  4517 | D:6      | Found a white marble altar of Elyvilon.
  4829 | D:7      | Reached XP level 9. HP: 80/80 MP: 8/8
  4865 | D:7      | Found a staircase to the Ecumenical Temple.
  5045 | D:7      | Reached ***** piety under Trog
  5105 | D:7      | Reached skill level 9 in Long Blades
  5159 | D:7      | Found a shimmering blue altar of Sif Muna.
  5299 | D:7      | Got a ripped robe
  5312 | D:7      | Identified the cursed +0 robe of Hide-and-Seek {+Fly rElec
                  | Slay+3} (You found it on level 7 of the Dungeon)
  5578 | Temple   | Entered the Ecumenical Temple
  5742 | D:8      | Found a staircase to the Lair.
  5750 | D:8      | Noticed Harold
  5766 | D:8      | Received a gift from Trog
  5768 | D:8      | Killed Harold
  5768 | D:8      | Reached skill level 10 in Long Blades
  5768 | D:8      | Reached XP level 10. HP: 67/88 MP: 9/9
  6439 | D:9      | Reached skill level 11 in Long Blades
  6701 | D:9      | Found a radiant altar of Vehumet.
  6749 | D:9      | Noticed a two-headed ogre
  6759 | D:9      | Killed a two-headed ogre
  6793 | D:9      | Found Cakydemum's Food Shoppe.
  6820 | D:9      | Found a sparkling altar of Nemelex Xobeh.
  7105 | D:9      | Killed an unseen horror
  7344 | D:9      | Received a gift from Trog
  7344 | D:9      | Reached XP level 11. HP: 94/94 MP: 10/10
  7446 | D:10     | Entered Level 10 of the Dungeon
  7603 | D:10     | Reached skill level 12 in Long Blades
  8006 | D:10     | Noticed a two-headed ogre
  8016 | D:10     | Killed a two-headed ogre
  8300 | D:11     | Noticed Snorg
  8312 | D:11     | Killed Snorg
  8331 | D:11     | Noticed a death knight
  8340 | D:11     | Killed a death knight
  8546 | D:11     | Noticed Gastronok
  8560 | D:11     | Killed Gastronok
  8701 | D:11     | Reached skill level 13 in Long Blades
  8784 | D:11     | Found a staircase to the Orcish Mines.
  8818 | D:11     | Noticed Sonja
  8821 | D:11     | Noticed Sonja
  8821 | D:11     | Sonja changed into Sonja the ogre
  8823 | D:11     | Killed Sonja the ogre
  9087 | D:12     | Found a sacrificial altar of Ru.
  9087 | D:12     | Noticed Erolcha
  9090 | D:12     | Killed Erolcha
  9132 | D:12     | Reached XP level 12. HP: 103/104 MP: 11/11
  9143 | D:12     | Reached skill level 10 in Dodging
  9553 | D:12     | Paralysed by a hornet for 3 turns
  9555 | D:12     | HP: 4/104 [hornet (5)]
  9555 | D:12     | Slain by a hornet

Levels and vault maps discovered:
D:1:      dpeg_arrival_rhombus, layout_loops_ring, palyth_stone_intersect
D:2:      layout_basic, nicolae_tso_carved_into_rock, lemuel_round_altar,
          minitemple, first_ration
D:3:      layout_basic, bloody_makhleb, minmay_misc_feat_doors,
          minmay_misc_feat_tower
D:4:      layout_basic, nicolae_dithmenos_shadow_blocks, bh_walls_and_bars
D:5:      layout_basic, marbit_many_paths, serial_shops, shop,
          portal_sewer_entry_d, minmay_misc_feat_roman
D:6:      layout_basic, kennysheep_mini_moat, lemuel_crystal_altar,
          elyvilon_altar_5
D:7:      layout_loops_ring, led_sif_pool, minmay_temple_entry_ruins
D:8:      layout_cave_pools, lair_entry_dummy, grunt_ogre_cave,
          kennysheep_small_circle, uniq_harold
D:9:      layout_long_grid, lemuel_round_altar, lemuel_round_altar,
          serial_shops, shop, hangedman_decor_clover_reticule,
          hangedman_tell_no_tales
D:10:     layout_grid_maze, columned_hall_lemuel
D:11:     layout_cave_pools, orc_0_dummy, uniq_sonja, uniq_snorg, uniq_gastronok
D:12:     minmay_the_grid_triangle_9x9_recursive_2_mashed
          [minmay_the_grid_triangle_9x9_prize_schism,
          minmay_the_grid_triangle_9x9_from_above,
          minmay_the_grid_triangle_9x9_corruption,
          minmay_the_grid_triangle_9x9_warning], layout_rooms, basic_altar,
          minmay_fractal_squares_5, uniq_erolcha, uniq_psyche
Temple:   dpeg_three_leaves_temple

Skill      XL: |  1  2  3  4  5  6  7  8  9 10 11 12 |
---------------+-------------------------------------+-----
Long Blades    | 3 4 5 6 8 10 11 13 | 13.4
Dodging        | 3 4 5 6 7 8 9 10 | 10.1
Fighting       | |  2.4

Action                   |  1- 3 |  4- 6 |  7- 9 | 10-12 || total
-------------------------+-------+-------+-------+-------++-------
Melee: Falchion          |   109 |   261 |       |       ||   370
       Short sword       |       |    23 |   214 |       ||   237
       Scimitar          |       |       |   181 |   401 ||   582
Invok: Berserk           |     1 |     3 |     5 |     8 ||    17
       Trog's Hand       |       |       |       |     1 ||     1
       Brothers in Arms  |       |       |       |     1 ||     1
Evoke: Wand              |       |       |    10 |    20 ||    30
  Use: Scroll            |       |       |    12 |    13 ||    25
  Eat: Chunk             |    12 |    21 |    41 |    43 ||   117
       Ration            |       |       |     2 |       ||     2
Armor: Animal skin       |    49 |   118 |   146 |       ||   313
       Robe              |       |       |    23 |   174 ||   197
Dodge: Dodged            |    76 |   163 |   225 |   232 ||   696
       Rpst.: Falchion   |    25 |    41 |       |       ||    66
       Scimitar          |       |       |    44 |    55 ||    99
